 Dungeon Crawl Stone Soup version 0.30-a0-469-g84de5afbc5 (webtiles) character file.

Game seed: 9727201396551923304

444 tilp the Ducker (level 7, -1/59 HPs)
             Began as a Meteoran Fighter on Dec 19, 2022.
             Succumbed to a water moccasin's poison
             ... on level 4 of the Dungeon.
             The game lasted 00:05:42 (650 turns).

tilp the Ducker (Meteoran Fighter)                   Turns: 650, Time: 00:05:42

Health: -1/59      AC:  7    Str: 17    XL:     7   Next: 48%
Magic:  8/8        EV: 11    Int:  9    God:
Gold:   64         SH:  5    Dex: 17    Spells: 6/6 levels left

rFire   . . .      SeeInvis .    a - +0 long sword
rCold   . . .      Faith    .    c - +0 buckler
rNeg    . . .      Spirit   .    b - +0 scale mail
rPois   .          Reflect  .    (no helmet)
rElec   .          Harm     .    (no cloak)
rCorr   .          Rampage  .    (no gloves)
Will    .....                    (no boots)
Stlth   +.........               (no amulet)
HPRegen 0.29/turn                (no ring)
MPRegen 0.11/turn                (no ring)

@: lethally poisoned (-1 -> -18), glowing
A: sense surroundings 1, otherworldly, glowing, explore regen
a: no special abilities


You were on level 4 of the Dungeon.
You visited 1 branch of the dungeon, and saw 5 of its levels.

You collected 64 gold pieces.

Inventory:

Hand Weapons
 a - a +0 long sword (weapon)
Missiles
 i - 6 poisoned darts (quivered)
Armour
 b - a +0 scale mail (worn)
 c - a +0 buckler (worn)
 m - a +0 pair of boots
Scrolls
 d - 3 scrolls of poison {unknown}
 e - a scroll of enchant weapon {unknown}
 k - a scroll of identify
Potions
 g - a potion of resistance {unknown}
 h - a potion of curing {unknown}
 j - 3 potions of might
 l - 2 potions of mutation {unknown}


   Skills:
 + Level 4.3 Fighting
 + Level 4.3 Long Blades
 + Level 1.4 Throwing
 - Level 4.0 Armour
 * Level 4.8 Dodging
 + Level 2.3 Stealth
 - Level 4.0 Shields


You had 6 spell levels left.
You didn't know any spells.
Your spell library contained the following spells:

 Spells                   Type           Power      Damage    Failure   Level
 Passage of Golubria      Tloc           0%         N/A       100%        4
 Silence                  Hex/Air        0%         N/A       100%        5
 Lehudib's Crystal Spear  Conj/Erth      0%         10d2      100%        8


Dungeon Overview and Level Annotations

Branches:
Dungeon (5/15) Zot: 2301
 Temple: D:4-7

Altars:
Qazlal
Ru


Innate Abilities, Weirdness & Mutations

You passively map a small area around you.
You are easily found by Zot.
You glow in the dark.
You regain HP and MP as you explore.


Message History

You closely miss the water moccasin. The water moccasin bites you.
* * * LOW HITPOINT WARNING * * *
The water moccasin bites you.
* * * LOW HITPOINT WARNING * * *
Unknown command.
Okay, then.
You barely miss the water moccasin. The water moccasin bites you.
* * * LOW HITPOINT WARNING * * *
The water moccasin bites you.
* * * LOW HITPOINT WARNING * * *
Unknown command.
You feel much better. The water moccasin bites you.
You are poisoned.
The water moccasin poisons you!
Unknown command.
Unknown command.
You barely miss the water moccasin.
You feel very sick.
The water moccasin bites you but does no damage.
The water moccasin closely misses you.
You miss the water moccasin.
You feel very sick. The water moccasin closely misses you.
The water moccasin bites you.
* * * LOW HITPOINT WARNING * * *
You hit the water moccasin.
The water moccasin is lightly wounded.
You feel very sick. The water moccasin barely misses you.
The water moccasin completely misses you.
Unknown command.
You slash the water moccasin!
The water moccasin is heavily wounded.
You feel sick. The water moccasin bites you!
* * * LOW HITPOINT WARNING * * *
You are more poisoned.
The water moccasin poisons you!
Unknown command.
You hit the water moccasin.
The water moccasin is heavily wounded.
You die...

* #,##.# ..########.#.#
, ....##.. #.###.
*.#.....# * *##.#.#
...#.. , ,#...##
,#.....# ,#.#.## ,.o...
#..... , * #)#.. *
....## *, #S#.# *
*##..## * #@#.# #..#
#.#.#########...,.
######...........##.###
[.........#######.##.###
#########.######...#...#
#..........>....
#.######...#...# #.# *
##.#..... #.. ,
,.........


You could see a water moccasin and an orc.

Vanquished Creatures
  A water moccasin (D:4)
  2 scorpions (D:4)
  An orc priest (D:4)
  A jelly (D:4)
  An iguana (D:4)
  An orc wizard (D:4)
  4 gnolls (D:3)
  3 adders
  2 worms
  A dart slug (D:3)
  3 orcs (D:4)
  An endoplasm (D:4)
  A giant cockroach (D:4)
  3 goblins
  3 hobgoblins
  3 jackals (D:1)
  2 quokkas (D:4)
  4 ball pythons
  7 kobolds
44 creatures vanquished.

Vanquished Creatures (others)
  11 plants (D:3)
11 creatures vanquished.

Grand Total: 55 creatures vanquished

Notes
Turn   | Place    | Note
-------+----------+-------------------------------------------
     0 | D:1      | tilp the Meteoran Fighter began the quest for the Orb.
     0 | D:1      | Reached XP level 1. HP: 19/19 MP: 2/2
    24 | D:1      | Reached XP level 2. HP: 20/26 MP: 3/3
    44 | D:2      | Reached skill level 1 in Dodging
   109 | D:3      | Reached XP level 3. HP: 23/31 MP: 4/4
   121 | D:3      | Reached XP level 4. HP: 6/38 MP: 5/5
   165 | D:4      | Noticed a scorpion
   182 | D:4      | Killed a scorpion
   183 | D:4      | Reached skill level 1 in Stealth
   183 | D:4      | Reached XP level 5. HP: 8/46 MP: 6/6
   186 | D:4      | HP: 2/46 [poisoned by a scorpion]
   274 | D:5      | Entered Level 5 of the Dungeon
   275 | D:5      | Noticed a phantom
   287 | D:4      | Reached XP level 6. HP: 35/52 MP: 7/7
   428 | D:4      | Found a sacrificial altar of Ru.
   428 | D:4      | Found a stormy altar of Qazlal.
   573 | D:4      | You fall into a shaft and drop 1 floor!
   580 | D:5      | Noticed a water moccasin
   595 | D:4      | Killed a water moccasin
   596 | D:4      | Reached skill level 1 in Throwing
   596 | D:4      | Reached XP level 7. HP: 40/59 MP: 8/8
   630 | D:4      | Noticed a water moccasin
   650 | D:4      | Succumbed to a water moccasin's poison

Illustrated notes

Levels and vault maps discovered:
D:1:      ldierk_walled_garden, layout_basic
D:2:      layout_loops_cross, basic_altar, shapermc_ecumenical_altar_gd
D:3:      layout_rooms, serial_shops, nicolae_shop_trees, nicolae_grassy_gnolls
D:4:      layout_loops_ring, nicolae_overflow_two_pavilions,
          minmay_misc_feat_five, minmay_ruptured
D:5:      kennysheep_big_flooded_room, layout_rooms, lemuel_crystal_altar,
          mainiacjoe_overflow_six_doors_small, kennysheep_mini_moat

Skill      XL: |  1  2  3  4  5  6 |
---------------+-------------------+-----
Dodging        | 1 2 3 4 |  4.8
Armour         | 4 |  4.0
Shields        | 4 |  4.0
Long Blades    | 3 4 |  4.3
Stealth        | 1 2 |  2.3
Fighting       | 4 |  4.3
Throwing       | 1 |  1.4

Action                   |  1- 3 |  4- 6 |  7- 9 || total
-------------------------+-------+-------+-------++-------
Melee: Long sword        |    43 |   110 |    29 ||   182
Throw: Dart              |       |     2 |     1 ||     3
  Use: Scroll            |     2 |       |       ||     2
       Potion            |       |     1 |     1 ||     2
Armor: Scale mail        |    31 |    46 |     6 ||    83
Dodge: Dodged            |    18 |    44 |    12 ||    74
Block: Buckler           |    12 |    32 |     3 ||    47

Table legend: (Time is in decaauts)
 A = Elapsed time spent in this place.
 B = Non-inter-level travel time spent in this place.
 C = Inter-level travel time spent in this place.
 D = Time resting spent in this place.
 E = Time spent auto-exploring this place.
 F = Levels seen in this place.
 G = Mean time per level.
                   A        B        C        D        E       F      G
               +--------+--------+--------+--------+--------+-----+--------+
         Total |    698 |    673 |     25 |      0 |      0 |   5 |  139.6 |
       Dungeon |    698 |    673 |     25 |      0 |      0 |   5 |  139.6 |
               +--------+--------+--------+--------+--------+-----+--------+

Top non-repeatable levels by time:
     D:4: 471 daAuts
     D:3: 146 daAuts
     D:1: 42 daAuts
     D:5: 25 daAuts
     D:2: 12 daAuts
